Workbook

Sheet Прил. 2 (приказ 1831-э)
CN1: Приложение 2
CN2: к приказу Федеральной службы по тарифам
CN3: от 24 октября 2014 г. № 1831-э
A5: Форма раскрытия информации о структуре и объемах затрат
A6: на оказание услуг по передаче электрической энергии сетевыми
A7: организациями, регулирование деятельности которых осуществляется
A8: методом долгосрочной индексации необходимой валовой выручки
C10: Наименование организации: | AG10: АО "ТМК Энергосетевая компания"
C11: ИНН: | J11: 7449045730
C12: КПП: | J12: 744901001
C13: Долгосрочный период регулирования: | AQ13: 2021 | AY13: - | BA13: 2025 | BI13: гг.
A15: № п/п | J15: Показатель | BI15: Ед. изм. | BT15: 2019 год | BV15: 2022 год | BX15: Примечание ***
BT16: план * | BU16: факт ** | BV16: план * | BW16: факт **
A17: I | K17: Структура затрат | BI17: х | BT17: х | BU17: х | BV17: х | BW17: х | BX17: х
A18: 1 | K18: Необходимая валовая выручка на содержание | BI18: тыс. руб. | BT18: =BT19+BT41+BT59 -> 30734.18 | BU18: =BU19+BU41 -> 39219.911 | BV18: 30868.52 | BW18: =BW19+BW41 -> 54298.265
A19: 1.1 | K19: Подконтрольные расходы, всего | BI19: тыс. руб. | BT19: =BT20+BT25+BT27+BT40 -> 20105.58 | BU19: =BU20+BU25+BU27 -> 26312.261 | BV19: =BV20+BV25+BV27 -> 19346.42 | BW19: =BW20+BW25+BW27 -> 37949.573
A20: 1.1.1 | K20: Материальные расходы, всего | BI20: тыс. руб. | BT20: =BT21+BT23 -> 8427.08 | BU20: =BU21+BU23 -> 10391.053 | BV20: =BV21+BV23 -> 5308.73 | BW20: =BW21+BW23 -> 8883.1349
A21: 1.1.1.1 | K21: в том числе на сырье, материалы, запасные части, инструмент, топливо | BI21: тыс. руб. | BT21: 6228.04 | BU21: =8275823.4/1000 -> 8275.8234 | BV21: 3926.73 | BW21: =6143327.01/1000 -> 6143.327 | BX21: Ремонтные работы выполнялись в соответствии актами технического состояния оборудования в необходимом объёме.
A22: 1.1.1.2 | K22: на ремонт | BI22: тыс. руб. | BV22: =BV21 -> 3926.73 | BW22: =BW21 -> 6143.327
A23: 1.1.1.3 | K23: в том числе на работы и услуги производственного характера (в том числе услуги сторонних организаций по содержанию сетей и распределительных устройств) | BI23: тыс. руб. | BT23: 2199.04 | BU23: =2115229.772119/1000 -> 2115.2298 | BV23: 1382 | BW23: =2739807.9/1000 -> 2739.8079
A24: 1.1.1.3.1 | K24: в том числе на ремонт | BI24: тыс. руб. | BT24: =BT23 -> 2199.04 | BU24: =2062762.681843/1000 -> 2062.7627 | BV24: =BV23 -> 1382 | BW24: =BW23 -> 2739.8079
A25: 1.1.2 | K25: Фонд оплаты труда | BI25: тыс. руб. | BT25: 8304.12 | BU25: =10237629.15/1000 -> 10237.629 | BV25: 10848.63 | BW25: =23774687.35/1000 -> 23774.687 | BX25: Фактический ФОТ - в соответствии со штатным расписанием.
A26: 1.1.2.1 | K26: в том числе на ремонт | BI26: тыс. руб. | BU26: =1020701.73/1000 -> 1020.7017
A27: 1.1.3 | K27: Прочие подконтрольные расходы (с расшифровкой) | BI27: тыс. руб. | BT27: =199.15+430.12+584.79+BT29+BT33+BT34+BT35 -> 3269.99 | BU27: =BU29+BU30+BU31+BU33+BU34+BU35+BU36+BU32+BU40 -> 5683.5789 | BV27: 3189.06 | BW27: =BW29+BW31+BW34+BW35+BW40+BW38+BW28 -> 5291.7511
A28: 1.1.3.1 | K28: в том числе прибыль на социальное развитие (включая социальные выплаты) | BI28: тыс. руб. | BW28: 174.168 | BX28: Расходы на выплаты по коллективному договору покрывались за счёт прибыли от других видов деятельности, т.к. по передаче э/э возник убыток.
A29: 1.1.3.2 | K29: в том числе транспортные услуги | BI29: тыс. руб. | BT29: 130.17 | BU29: =(80190+24570)/1000 -> 104.76 | BV29: 111 | BX29: Спецтранспорт для проведения ремонтных работ не требовался.
A30: 1.1.3.3 | K30: в том числе командировочные | BI30: тыс. руб. | BX30: Учтены в составе общехозяйственных и общепроизводственных расходов
A31: 1.1.3.4 | K31: в том числе общехозяйственные и общепроизводственные расходы | BI31: тыс. руб. | BU31: =2959499.380524/1000 -> 2959.4994 | BV31: 2613.55 | BW31: 3865.082
A32: 1.1.3.5 | K32: в том числе медицинские услуги | BI32: тыс. руб. | BX32: Учтены в составе общехозяйственных и общепроизводственных расходов
A33: 1.1.3.6 | K33: в том числе услуги по обучению кадров | BI33: тыс. руб. | BT33: 160.19 | BX33: Учтены в составе общехозяйственных и общепроизводственных расходов
A34: 1.1.3.7 | K34: в том числе энергоресуры | BI34: тыс. руб. | BT34: 1700.94 | BU34: =(1608189.58+87059.99+608.9+559.94)/1000 -> 1696.4184 | BX34: Учтены в составе неподконтрольных расходов
A35: 1.1.3.8 | K35: в том числе спецодежда и охрана труда | BI35: тыс. руб. | BT35: 64.63 | BU35: =805629.07/1000 -> 805.62907 | BV35: 464.61 | BW35: =1193740.27/1000 -> 1193.7403 | BX35: В соответствии с Типовыми нормами бесплатной выдачи специальной одежды, специальной обуви и других средств индивидуальной защиты работникам организаций электроэнергетической промышленности, занятым на работах с вредными и (или) опасными условиями труда, а также на работах, выполняемых в особых температурных условиях или связанных с загрязнением. (Приложение к приказу Министерства здравоохранения и социального развития РФ от 25 апреля 2011г. №340н).
A36: 1.1.3.9 | K36: в том числе обслуживание оргтехники | BI36: тыс. руб. | BX36: Учтены в составе общехозяйственных и общепроизводственных расходов
A37: 1.1.3.10 | K37: прочие услуги сторонних организаций | BI37: тыс. руб.
A38: 1.1.3.11 | K38: расходы на страхование | BI38: тыс. руб. | BW38: =58760.82/1000 -> 58.76082 | BX38: Страхование автотранспорта (ОСАГО)
A39: 1.1.4 | K39: Расходы на обслуживание операционных заемных средств в составе подконтрольных расходов | BI39: тыс. руб.
A40: 1.1.5 | K40: Расходы из прибыли в составе подконтрольных расходов | BI40: тыс. руб. | BT40: 104.39 | BU40: =117272.083/1000 -> 117.27208
A41: 1.2 | K41: Неподконтрольные расходы, включенные в НВВ, всего | BI41: тыс. руб. | BT41: =BT44+BT45+BT47+BT50 -> 9944.26 | BU41: =BU44+BU45+BU47+BU50+BU58 -> 12907.649 | BV41: 12030.33 | BW41: =BW44+BW45+BW47+BW51+BW57 -> 16348.692
A42: 1.2.1 | K42: Оплата услуг ОАО "ФСК ЕЭС" | BI42: тыс. руб.
A43: 1.2.2 | K43: Расходы на оплату технологического присоединения к сетям смежной сетевой организации | BI43: тыс. руб.
A44: 1.2.3 | K44: Плата за аренду имущества | BI44: тыс. руб. | BT44: 5702.51 | BU44: =(6206239.42+896221.045)/1000 -> 7102.4605 | BV44: 5867.64 | BW44: =6138836.07/1000 -> 6138.8361 | BX44: Фактическая арендная плата больше утверждённой, т.к. в тарифном решении не учтена аренда недвижимого имущества - здания ГПП-2.
A45: 1.2.4 | K45: отчисления на социальные нужды | BI45: тыс. руб. | BT45: 2496.22 | BU45: =3081071.06/1000 -> 3081.0711 | BV45: 3330.53 | BW45: 7165.042 | BX45: Фактический ФОТ, налоговые платежи - в соответствии со штатным расписанием.
A46: 1.2.5 | K46: расходы на возврат и обслуживание долгосрочных заемных средств, направляемых на финансирование капитальных вложений | BI46: тыс. руб.
A47: 1.2.6 | K47: амортизация | BI47: тыс. руб. | BT47: 1703.06 | BU47: =2621043.305/1000 -> 2621.0433 | BV47: 2640.53 | BW47: =2802572.23/1000 -> 2802.5722
A48: 1.2.7 | K48: прибыль на капитальные вложения | BI48: тыс. руб.
A49: 1.2.8 | K49: налог на прибыль | BI49: тыс. руб. | BX49: По факту отчётного периода у АО "ТМК ЭСК" возник убыток.
A50: 1.2.9 | K50: прочие налоги, в т.ч. | BI50: тыс. руб. | BT50: =BT51 -> 42.47 | BU50: =BU51+BU52+BU53 -> 103.07448 | BV50: =BV51 -> 98.25 | BW50: =BW51 -> 133.07831
A51: 1.2.9.1 | K51: налог на имущество | BI51: тыс. руб. | BT51: 42.47 | BU51: =103074.48/1000 -> 103.07448 | BV51: 98.25 | BW51: =133078.31/1000 -> 133.07831
A52: 1.2.9.2 | K52: налог на землю | BI52: тыс. руб.
A53: 1.2.9.3 | K53: транспортный налог | BI53: тыс. руб.
A54: 1.2.10 | K54: Расходы сетевой организации, связанные с осуществлением технологического присоединения к электрическим сетям, не включенные в плату за технологическое присоединение | BI54: тыс. руб.
A55: 1.2.10.1 | K55: Справочно: "Количество льготных технологических присоединений" | BI55: ед.
A56: 1.2.11 | K56: Средства, подлежащие дополнительному учету по результатам вступивших в законную силу решений суда, решений ФСТ России, принятых по итогам рассмотрения разногласий или досудебного урегулирования споров, решения ФСТ России об отмене решения регулирующего органа, принятого им с превышением полномочий (предписания) | BI56: тыс. руб.
A57: 1.2.12 | K57: прочие неподконтрольные расходы (с расшифровкой) | BI57: тыс. руб. | BV57: 93.38 | BW57: =BW58 -> 109.16299
A58: 1.2.12.1 | K58: энергоресурсы | BI58: тыс. руб. | BV58: =BV57 -> 93.38 | BW58: =109162.99/1000 -> 109.16299
A59: 1.3 | K59: недополученный по независящим причинам доход (+)/избыток средств, полученный в предыдущем периоде регулирования (-) | BI59: тыс. руб. | BT59: 684.34 | BU59: 550.953 | BV59: 1371.15
A60: II | K60: Справочно: расходы на ремонт, всего (пункт 1.1.1.2 + пункт 1.1.2.1 + пункт 1.1.3.1) | BI60: тыс. руб. | BT60: =BT21+BT24+BT26 -> 8427.08 | BU60: =BU21+BU24+BU26 -> 11359.288 | BV60: =BV21+BV24+BV26 -> 5308.73 | BW60: =BW24+BW22 -> 8883.1349
A61: III | K61: Необходимая валовая выручка на оплату технологического расхода (потерь) электроэнергии | BI61: тыс. руб. | BT61: 6257.94 | BU61: =5836377.06/1000 -> 5836.3771 | BV61: 4079.32 | BW61: =5265115.4/1000 -> 5265.1154
A62: 1.1 | K62: Справочно: Объем технологических потерь | BI62: МВт∙ч | BT62: 2844 | BU62: 2405.76 | BV62: 1357.2 | BW62: =1718693/1000 -> 1718.693
A63: 1.2 | K63: Справочно: Цена покупки электрической энергии сетевой организацией в целях компенсации технологического расхода электрической энергии | BI63: руб./МВт*ч | BT63: =BT61/BT62 -> 2.2004008 | BU63: =BU61/BU62 -> 2.4260014 | BV63: =BV61/BV62 -> 3.0056882 | BW63: =BW61/BW62 -> 3.0634415
A64: IV | K64: Натуральные (количественные) показатели, используемые при определении структуры и объемов затрат на оказание услуг по передаче электрической энергии сетевыми организациями | BI64: х | BT64: х | BU64: х | BV64: x | BW64: х | BX64: х
A65: 1 | K65: общее количество точек подключения на конец года | BI65: шт. | BT65: 76 | BU65: 76 | BV65: 92 | BW65: 92
A66: 2 | K66: Трансформаторная мощность подстанций, всего | BI66: МВа | BT66: 286 | BU66: 286 | BV66: 295 | BW66: 299.6
A67: 2.1 | K67: в том числе трансформаторная мощность подстанций на ВН уровне напряжения | BI67: МВа | BT67: 286 | BU67: 286 | BV67: 286 | BW67: 286
A68: 3 | K68: Количество условных единиц по линиям электропередач, всего | BI68: у.е. | BT68: 266.429 | BU68: 266.429 | BV68: 274.843 | BW68: =BW69+BW70+BW71 -> 319.0216
A69: 3.1 | K69: в том числе количество условных единиц по линиям электропередач на CH I уровне напряжения | BI69: у.е. | BT69: 19.129 | BU69: 19.129 | BV69: 19.129 | BW69: 19.129
A70: 3.2 | K70: в том числе количество условных единиц по линиям электропередач на CH II уровне напряжения | BI70: у.е. | BT70: 245.14 | BU70: 245.14 | BV70: 230.685 | BW70: 272.3175
A71: 3.3 | K71: в том числе количество условных единиц по линиям электропередач на HH уровне напряжения | BI71: у.е. | BT71: 2.16 | BU71: 2.16 | BV71: 25.029 | BW71: 27.5751
A72: 4 | K72: Количество условных единиц по подстанциям, всего | BI72: у.е. | BT72: 2081.9 | BU72: =BT72 -> 2081.9 | BV72: 2619 | BW72: =BV72 -> 2619
A73: 4.1 | K73: в том числе количество условных единиц по подстанциям на ВН уровне напряжения | BI73: у.е. | BT73: 1901.8 | BU73: =BT73 -> 1901.8 | BV73: 2503 | BW73: =BV73 -> 2503
A74: 4.2 | K74: в том числе количество условных единиц по подстанциям на CH I уровне напряжения | BI74: у.е. | BT74: 94.3 | BU74: =BT74 -> 94.3 | BV74: 0 | BW74: 0
A75: 4.3 | K75: в том числе количество условных единиц по подстанциям на CH II уровне напряжения | BI75: у.е. | BT75: 85.8 | BU75: =BT75 -> 85.8 | BV75: 116 | BW75: 116
A76: 5 | K76: Длина линий электропередач, всего | BI76: км | BT76: 74.91 | BU76: 74.91 | BV76: 79.25 | BW76: =BW77+BW78+BW79 -> 92.088
A77: 5.1 | K77: в том числе длина линий электропередач на CH I уровне напряжения | BI77: км | BT77: 4.07 | BU77: 4.07 | BV77: 4.07 | BW77: 4.07
A78: 5.2 | K78: в том числе длина линий электропередач на CH II уровне напряжения | BI78: км | BT78: 70.04 | BU78: 70.04 | BV78: 65.91 | BW78: 77.805
A79: 5.3 | K79: в том числе длина линий электропередач на HH уровне напряжения | BI79: км | BT79: 0.8 | BU79: 0.8 | BV79: 9.27 | BW79: 10.213
A80: 6 | K80: Доля кабельных линий электропередач | BI80: % | BT80: =(BT79+BT78)/(BT77+BT78+BT79) -> 0.94566814 | BU80: =BT80 -> 0.94566814 | BV80: 0.97 | BW80: =BV80 -> 0.97
A81: 7 | K81: Ввод в эксплуатацию новых объектов электросетевого комплекса на конец года | BI81: тыс. руб. | BT81: 0 | BU81: 0 | BV81: 0 | BW81: 0
A82: 7.1 | K82: в том числе за счет платы за технологическое присоединение | BI82: тыс. руб. | BT82: 0 | BU82: 0 | BV82: 0 | BW82: 0
A83: 8 | K83: норматив технологического расхода (потерь) электрической энергии, установленный Минэнерго России ***** | BI83: % | BT83: 1.19 | BU83: =BT83 -> 1.19 | BV83: 1.19 | BW83: =BV83 -> 1.19 | BX83: х
G85: Примечание:
A86: _____*_В случае определения плановых значений показателей органами исполнительной власти в области государственного регулирования тарифов при установлении тарифов на услуги по передаче электрической энергии в столбце <план> указываются соответствующие значения. Плановые значения составляющих подконтрольных расходов раскрываются в отношении расходов, учтенных регулирующим органом на первый год долгосрочного периода регулирования.
A87: _____**_Информация о фактических затратах на оказание регулируемых услуг заполняется на основании данных раздельного учета расходов по регулируемым видам деятельности.
A88: _____***_При наличии отклонений фактических значений показателей от плановых значений более чем на 15 процентов в столбце <Примечание> указываются причины их возникновения.
A89: _____****_В соответствии с пунктом 28 Основ ценообразования в области регулируемых цен (тарифов) в электроэнергетике, утвержденных постановлением Правительства Российской Федерации от 29.12.2011 № 1178.
A90: _____*****_В соответствии с пунктом 4.2.14.8 Положения о Министерстве энергетики Российской Федерации, утвержденного постановлением Правительства Российской Федерации от 28.05.2008 № 400.

Sheet 1.6. (приказ 585)
EY1: Таблица 1.6
A3: Расшифровка расходов субъекта естественных монополий, оказывающего услуги по передаче электроэнергии (мощности) по электрическим сетям, принадлежащим на праве собственности
A4: или ином законном основании территориальным сетевым организациям
A6: Заполняется: | AN6: Субъектами естественных монополий, оказывающими услуги по передаче электроэнергии (мощности) по электрическим сетям, принадлежащим на праве собственности
AN7: или ином законном основании территориальным сетевым организациям
A8: Период заполнения: | AN8: Годовая
A9: Требования к заполнению: | AN9: Заполняется отдельно по каждому субъекту РФ
A11: Организация: | DG11: АО "Энергосетевая компания ЧТПЗ" (АО "ТМК Энергосетевая компания")
A12: Идентификационный номер налогоплательщика (ИНН): | DG12: 7449045730
A13: Местонахождение (адрес): | DG13: 454129, г.Челябинск, ул.Машиностроителей,21
A14: Субъект РФ: | DG14: Челябинская область
A15: Отчетный период: | DG15: 2022 год
A18: Показатель | AN18: Единица измерения | AV18: Код показа-теля | BB18: За отчетный период, всего по предприятию | BK18: из графы 4: по Субъекту РФ, указанному в заголовке формы | BT18: из графы 5 по видам деятельности * | CV18: За аналогичный период пре-дыдущего года, всего по предприятию | DE18: из графы 10: по Субъекту РФ, указанному в заголовке формы | DN18: из графы 10 по видам деятельности * | EP18: Примечания: принцип разделения показателей по субъектам РФ и по видам деятельности согласно ОРД предприятия
BT19: Передача по расп-редели-тельным сетям | CA19: Техноло-гическое присоеди-нение | CH19: Передача и техно-логичес-кое присоеди-нение | CO19: Прочие виды деятель-ности | DN19: Передача по расп-редели-тельным сетям | DU19: Техноло-гическое присоеди-нение | EB19: Передача и техно-логичес-кое присоеди-нение | EI19: Прочие виды деятель-ности
A20: 1 | AN20: 2 | AV20: 3 | BB20: 4 | BK20: 5 | BT20: 6 | CA20: 7 | CH20: 8 (сумма гр. 6 и 7) | CO20: 9 | CV20: 10 | DE20: 11 | DN20: 12 | DU20: 13 | EB20: 14 (сумма гр. 12 и 13) | EI20: 15 | EP20: 16
A21: Расходы, учитываемые в целях налогообложения прибыли, всего, в том числе (сумма строк 110, 120, 130, 140, 150, 160, 170, 180, 190) | AN21: тыс. руб. | AV21: 100 | BB21: 763332 | BT21: ='Прил. 2 (приказ 1831-э)'!BW18+'Прил. 2 (приказ 1831-э)'!BW61-BT55 -> 59389.212 | BU21: 44939016 | BV21: 44939016 | BW21: 44939016 | BX21: 44939016 | BY21: 44939016 | BZ21: 44939016 | CA21: =351640.22/1000 -> 351.64022 | CH21: =BT21+CA21 -> 59740.853 | CO21: =BB21-CH21 -> 703591.15 | CV21: 665423 | DN21: 40271.046 | DO21: 44939016 | DP21: 44939016 | DQ21: 44939016 | DR21: 44939016 | DS21: 44939016 | DT21: 44939016 | DU21: 168.80794 | EB21: 40439.854 | EI21: 624983.15
A22: Материальные расходы (сумма строк 111, 112, 113) | AN22: тыс. руб. | AV22: 110 | BB22: =BB23+BB24+BB29 -> 161178 | BT22: =BT23+BT24+BT29 -> 5265.1154 | CA22: =CA23 -> 198.85409 | CH22: =BT22+CA22 -> 5463.9695 | CO22: =BB22-CH22 -> 155714.03 | CV22: 132678.98 | DN22: 4296.3621 | EB22: 4296.3621 | EI22: 128382.62
A23: Расходы на приобретение сырья и материалов | AN23: тыс. руб. | AV23: 111 | BB23: 121034 | CA23: =198854.09/1000 -> 198.85409 | CH23: =CA23 -> 198.85409 | CO23: =BB23-CH23 -> 120835.15 | CV23: 89486.983 | EI23: 89486.983
A24: Расходы на приобретение электрической энергии на компенсацию технологического расхода (потерь) электрической энергии в сетях, в том числе по уровням напряжения: | AN24: тыс. руб. | AV24: 112 | BB24: 14366 | BT24: ='Прил. 2 (приказ 1831-э)'!BW61 -> 5265.1154 | CH24: =BT24+CA24 -> 5265.1154 | CO24: =BB24-CH24 -> 9100.8846 | CV24: 13276 | DN24: 4296.3621 | EB24: 4296.3621 | EI24: 8979.6379
A25: ВН | AN25: тыс. руб. | BB25: =BB24 -> 14366 | BT25: =BT24 -> 5265.1154 | CH25: =BT25+CA25 -> 5265.1154 | CO25: =BB25-CH25 -> 9100.8846 | CV25: 13276 | DN25: 4296.3621 | EB25: 4296.3621 | EI25: 8979.6379
A26: СН1 | AN26: тыс. руб.
A27: СН2 | AN27: тыс. руб.
A28: НН | AN28: тыс. руб.
A29: Расходы на приобретение электрической энергии на хозяйственные нужды | AN29: тыс. руб. | AV29: 113 | BB29: 25778 | CO29: =BB29-CH29 -> 25778 | CV29: 29916 | EI29: 29916
A30: Расходы на оплату услуг сторонних организаций (сумма строк 121, 122, 123, 124) | AN30: тыс. руб. | AV30: 120 | BB30: =BB31+BB32+BB33+BB34 -> 32623.68 | BT30: =BT31+BT32+BT33+BT34 -> 2798.5687 | CH30: =BT30+CA30 -> 2798.5687 | CO30: =BB30-CH30 -> 29825.111 | CV30: 20170.54 | DN30: 5609.5778 | EB30: 5609.5778 | EI30: 14560.962
A31: Расходы на страхование | AN31: тыс. руб. | AV31: 121 | BB31: 64.68 | BT31: ='Прил. 2 (приказ 1831-э)'!BW38 -> 58.76082 | CH31: =BT31 -> 58.76082 | CO31: =BB31-CH31 -> 5.91918 | CV31: 98.35179 | DN31: 9.6104 | EB31: 9.6104 | EI31: 88.74139
A32: Оплата услуг ОАО "ФСК ЕЭС" | AN32: тыс. руб. | AV32: 122
A33: Оплата услуг по передаче электрической энергии, оказываемых другими сетевыми организациями | AN33: тыс. руб. | AV33: 123
A34: Расходы на ремонт основных средств, выполняемые подрядным способом | AN34: тыс. руб. | AV34: 124 | BB34: 32559 | BT34: ='Прил. 2 (приказ 1831-э)'!BW24 -> 2739.8079 | CH34: =BT34+CA34 -> 2739.8079 | CO34: =BB34-CH34 -> 29819.192 | CV34: 20072.188 | DN34: 5599.9674 | EB34: 5599.9674 | EI34: 14472.221
A35: Расходы на оплату труда | AN35: тыс. руб. | AV35: 130 | BB35: 316030 | BT35: ='Прил. 2 (приказ 1831-э)'!BW25 -> 23774.687 | CA35: =93328.8/1000 -> 93.3288 | CH35: =BT35+CA35 -> 23868.016 | CO35: =BB35-CH35 -> 292161.98 | CV35: 255116.2 | DN35: 13050.222 | DU35: 95.0041 | EB35: 13145.226 | EI35: 241970.97
A36: Управленческий персонал | AN36: тыс. руб. | BB36: 32416 | BT36: =2391176.88/1000 -> 2391.1769 | BU36: 1059327.7 | BV36: 1059327.7 | BW36: 1059327.7 | BX36: 1059327.7 | BY36: 1059327.7 | BZ36: 1059327.7 | CA36: =8848.49/1000 -> 8.84849 | CH36: =BT36+CA36 -> 2400.0254 | CO36: =BB36-CH36 -> 30015.975 | CV36: 25054.697 | DN36: 1197.4171 | DO36: 1059327.7 | DP36: 1059327.7 | DQ36: 1059327.7 | DR36: 1059327.7 | DS36: 1059327.7 | DT36: 1059327.7 | DU36: 8.50513 | EB36: 1205.9222 | EI36: 23848.775
A37: Специалисты и технические | AN37: тыс. руб. | BB37: 43957 | BT37: =2766771.45/1000 -> 2766.7715 | BU37: 1020701.7 | BV37: 1020701.7 | BW37: 1020701.7 | BX37: 1020701.7 | BY37: 1020701.7 | BZ37: 1020701.7 | CA37: =10234.88/1000 -> 10.23488 | CH37: =BT37+CA37 -> 2777.0063 | CO37: =BB37-CH37 -> 41179.994 | CV37: 42999.552 | DN37: 1605.9877 | DO37: 1020701.7 | DP37: 1020701.7 | DQ37: 1020701.7 | DR37: 1020701.7 | DS37: 1020701.7 | DT37: 1020701.7 | DU37: 9.1562 | EB37: 1615.1439 | EI37: 41384.409
A38: Основные производственные рабочие | AN38: тыс. руб. | BB38: =BB35-BB36-BB37 -> 239657 | BT38: =18616739.02/1000 -> 18616.739 | CA38: =74245.43/1000 -> 74.24543 | CH38: =BT38+CA38 -> 18690.984 | CO38: =BB38-CH38 -> 220966.02 | CV38: 187061.95 | DN38: 10246.817 | DU38: 77.34277 | EB38: 10324.16 | EI38: 176737.79
A39: Справочно: среднесписочная численность промышленно-производственного персонала организации ** | AN39: чел. | BB39: 441 | BT39: 43 | CA39: 0.2 | CH39: =BT39+CA39 -> 43.2 | CO39: =BB39-CH39 -> 397.8 | CV39: 439 | DN39: 30 | DU39: 0.2 | EB39: 30 | EI39: 409
A40: Управленческий персонал | AN40: чел. | BB40: 24 | BT40: 2 | CH40: =BT40 -> 2 | CO40: =BB40-CH40 -> 22 | CV40: 24 | DN40: 2 | EB40: 2 | EI40: 22
A41: Специалисты и технические | AN41: чел. | BB41: 56 | BT41: 6 | CH41: 4 | CO41: =BB41-CH41 -> 52 | CV41: 56 | DN41: 3 | EB41: 3 | EI41: 53
A42: Основные производственные рабочие | AN42: чел. | BB42: =BB39-BB40-BB41 -> 361 | BT42: =BT39-BT40-BT41 -> 35 | CH42: =CH39-CH40-CH41 -> 37.2 | CO42: =BB42-CH42 -> 323.8 | CV42: 359 | DN42: 25 | EB42: 25 | EI42: 334
A43: Расходы на выплату страховых взносов в Пенсионный фонд Российской Федерации, Фонд социального страхования Российской Федерации, Федеральный фонд обязательного медицинского страхования и территориальные фонды обязательного медицинского страхования | AN43: тыс. руб. | AV43: 140 | BB43: 95097 | BT43: ='Прил. 2 (приказ 1831-э)'!BW45 -> 7165.042 | CA43: =28061.74/1000 -> 28.06174 | CH43: =BT43+CA43 -> 7193.1037 | CO43: =BB43-CH43 -> 87903.896 | CV43: 76945.28 | DN43: 3950.035 | DU43: 28.52889 | EB43: 3978.5639 | EI43: 72966.716
A44: Амортизация основных средств | AN44: тыс. руб. | AV44: 150 | BB44: 11901 | BT44: ='Прил. 2 (приказ 1831-э)'!BW47 -> 2802.5722 | CH44: =BT44+CA44 -> 2802.5722 | CO44: =BB44-CH44 -> 9098.4278 | CV44: 9678 | DN44: 2664.4721 | EB44: 2664.4721 | EI44: 7013.5279
A45: Аренда и лизинговые платежи (сумма строк 161, 162) | AN45: тыс. руб. | AV45: 160 | BB45: 36615 | BT45: ='Прил. 2 (приказ 1831-э)'!BW44 -> 6138.8361 | CH45: =BT45+CA45 -> 6138.8361 | CO45: =BB45-CH45 -> 30476.164 | CV45: 60941 | DN45: 6470.129 | EB45: 6470.129 | EI45: 54470.871
A46: Плата за аренду имущества | AN46: тыс. руб. | AV46: 161 | BB46: =BB45 -> 36615 | BT46: =BT45 -> 6138.8361 | CH46: =BT46+CA46 -> 6138.8361 | CO46: =BB46-CH46 -> 30476.164 | CV46: 60941 | DN46: 6470.129 | EB46: 6470.129 | EI46: 54470.871
A47: Лизинговые платежи | AN47: тыс. руб. | AV47: 162 | CH47: =BT47 -> 0 | CO47: =BB47-CH47 -> 0 | EB47: 0 | EI47: 0
A48: Налоги, уменьшающие налогооблагаемую базу по налогу на прибыль | AN48: тыс. руб. | AV48: 170 | BB48: 301.987 | BT48: ='Прил. 2 (приказ 1831-э)'!BW50 -> 133.07831 | CH48: =BT48+CA48 -> 133.07831 | CO48: =BB48-CH48 -> 168.90869 | CV48: 269.807 | DN48: 109.77278 | EB48: 109.77278 | EI48: 160.03422
A49: Расходы на выплату процентов по кредитам, уменьшающие налогооблагаемую базу по налогу на прибыль | AN49: тыс. руб. | AV49: 180
A50: Прочие расходы | AN50: тыс. руб. | AV50: 190 | BB50: =BB21-BB23-BB24-BB29-BB31-BB34-BB35-BB43-BB44-BB45-BB48 -> 109585.33 | BT50: =BT21-BT22-BT30-BT35-BT43-BT44-BT45-BT48 -> 11311.312 | CA50: =CA21-CA22-CA30-CA35-CA43-CA44-CA45-CA48-CA51 -> 31.39559 | CH50: =BT50+CA50 -> 11342.708 | CO50: =BB50-CH50 -> 98242.625 | CV50: 109623.19 | DN50: 3993.1458 | DU50: 45.27495 | EB50: 4038.4207 | EI50: 105584.77
A51: Расходы, не учитываемые в целях налогообложения прибыли, всего, в том числе (сумма строк 210, 220, 230, 240, 250) | AN51: тыс. руб. | AV51: 200 | BB51: =BB55+BB53 -> 21036 | BT51: =BT55 -> 174.168 | CH51: =BT51+CA51 -> 174.168 | CO51: =BB51-CH51 -> 20861.832 | CV51: 17932.191 | DN51: 127.32925 | EB51: 127.32925 | EI51: 17804.862
A52: Возврат заемных средств на цели инвестпрограммы | AN52: тыс. руб. | AV52: 210
A53: Прибыль, направленная на инвестиции | AN53: тыс. руб. | AV53: 220 | BB53: 17500 | CO53: =BB53 -> 17500 | CV53: 15000 | EI53: 15000
A54: Прибыль, направленная на выплату дивидендов | AN54: тыс. руб. | AV54: 230
A55: Расходы социального характера из прибыли | AN55: тыс. руб. | AV55: 240 | BB55: 3536 | BT55: 174.168 | CH55: =BT55+CA55 -> 174.168 | CO55: =BB55-CH55 -> 3361.832 | CV55: 2932.1914 | DN55: 127.32925 | EB55: 127.32925 | EI55: 2804.8622
A56: Прочие расходы из прибыли в отчетном периоде | AN56: тыс. руб. | AV56: 250
A57: Расходы на уплату налога на прибыль | AN57: тыс. руб. | AV57: 300
A58: Справочные показатели:
A59: Из строки 100 прямые расходы | AN59: тыс. руб. | AV59: 400 | BB59: =BB21-BB60 -> 710363 | BT59: =BT21-BT60 -> 55524.13 | CA59: =CA21-CA60 -> 335.39822 | CH59: =BT59-CA59 -> 55188.732 | CO59: =BB59-CH59 -> 655174.27 | CV59: =CV21-CV60 -> 530267 | DN59: 37963.618 | DU59: 149.62147 | EB59: =DN59-DU59 -> 37813.997 | EI59: =CV59-EB59 -> 492453
A60: Из строки 100 косвенные расходы | AN60: тыс. руб. | AV60: 500 | BB60: 52969 | BT60: ='Прил. 2 (приказ 1831-э)'!BW31 -> 3865.082 | CA60: 16.242 | CH60: =BT60-CA60 -> 3848.84 | CO60: =BB60-CH60 -> 49120.16 | CV60: 135156 | DN60: =DN21-DN59 -> 2307.4279 | DU60: =DU21-DU59 -> 19.18647 | EB60: =DN60-DU60 -> 2288.2414 | EI60: =CV60-EB60 -> 132867.76
A61: Расходы на приобретение, сооружение и изготовление основных средств, а также на достройку, дооборудование, реконструкцию, модернизацию и техническое перевооружение основных средств | AN61: тыс. руб. | AV61: 600 | BB61: =BB53 -> 17500 | CO61: =BB61 -> 17500 | CV61: =CV53 -> 15000 | EI61: =CV61 -> 15000
A62: Расходы на ремонт основных средств (включая арендованные), всего, в том числе: | AN62: тыс. руб. | AV62: 700 | BB62: =BB34+BB23*0.3 -> 68869.2 | BT62: =BT63+BT64+BT65 -> 8883.1349 | CH62: =BT62-CA62 -> 8883.1349 | CO62: =BB62-CH62 -> 59986.065 | CV62: =CV34+CV23*0.4 -> 55866.981 | DN62: =DN63+DN64+DN65 -> 5599.9674 | EB62: =DN62-DU62 -> 5599.9674 | EI62: =CV62-EB62 -> 50267.014
A63: материальные расходы | AN63: тыс. руб. | BB63: =BB62-BB65 -> 36310.2 | BT63: ='Прил. 2 (приказ 1831-э)'!BW22 -> 6143.327 | CO63: =BB63-CH63 -> 36310.2 | CV63: =CV62-CV65 -> 35794.793 | EI63: =CV63-EB63 -> 35794.793
A64: расходы на оплату труда и выплату страховых | AN64: тыс. руб.
A65: расходы на ремонт основных средств, выполняемый подрядным способом | AN65: тыс. руб. | BB65: =BB34 -> 32559 | BT65: =BT34 -> 2739.8079 | CH65: =BT65-CA65 -> 2739.8079 | CO65: =BB65-CH65 -> 29819.192 | CV65: =CV34 -> 20072.188 | DN65: =DN34 -> 5599.9674 | EB65: =DN65-DU65 -> 5599.9674 | EI65: =CV65-EB65 -> 14472.221
A66: прочие расходы | AN66: тыс. руб.
A67: Расходы на приобретение электрической энергии в целях компенсации коммерческого расхода (потерь) электрической энергии в сетях | AN67: тыс. руб. | AV67: 800
A69: _____*_Полное наименование видов деятельности:
A70: _______гр. 6, 12 - оказание услуг по передаче электрической энергии (мощности) по единой национальной (общероссийской) электрической сети;
A71: _______гр. 7, 13 - оказание услуг по технологическому присоединению к электрическим сетям.
A72: ____**_В целях настоящей таблицы под промышленно-производственным персоналом понимается персонал, расходы на оплату труда которого учитываются по счету 20 "Основное производство".
EY73: Приложение к таблице 1.6
A74: Расшифровка дебиторской задолженности, заемных средств и стоимости активов
A75: Показатель | AN75: Единица измерения | AV75: Код показа-теля | BB75: По состоянию на начало отчетного периода, всего по предприятию | BK75: из графы 4: по Субъекту РФ, указанному в заголовке формы | BT75: из графы 5 по видам деятельности * | CV75: По состоянию на конец отчетного периода, всего по предприятию | DE75: из графы 10: по Субъекту РФ, указанному в заголовке формы | DN75: из графы 10 по видам деятельности * | EP75: Примечания: принцип разделения показателей по субъектам РФ и по видам деятельности согласно ОРД предприятия
BT76: Передача по расп-редели-тельным сетям | CA76: Техноло-гическое присоеди-нение | CH76: Передача и техно-логичес-кое присоеди-нение | CO76: Прочие виды деятель-ности | DN76: Передача по расп-редели-тельным сетям | DU76: Техноло-гическое присоеди-нение | EB76: Передача и техно-логичес-кое присоеди-нение | EI76: Прочие виды деятель-ности
A77: 1 | AN77: 2 | AV77: 3 | BB77: 4 | BK77: 5 | BT77: 6 | CA77: 7 | CH77: 8 (сумма гр. 6 и 7) | CO77: 9 | CV77: 10 | DE77: 11 | DN77: 12 | DU77: 13 | EB77: 14 (сумма гр. 12 и 13) | EI77: 15 | EP77: 16
A78: Дебиторская задолженность | AN78: тыс. руб. | AV78: 900 | BB78: 195214 | BT78: х | CA78: х | CH78: х | CO78: х | CV78: 253657 | DN78: =DN79 -> 4840.5 | EB78: =DN78 -> 4840.5 | EI78: =CV78-DN78 -> 248816.5
A79: в том числе по расчетам с покупателями и заказчиками | AN79: тыс. руб. | AV79: - | BB79: х | BK79: х | BT79: 2527.8 | CA79: 0 | CH79: х | CO79: х | CV79: =CV78 -> 253657 | DN79: 4840.5 | EB79: =DN79 -> 4840.5 | EI79: =CV79-DN79 -> 248816.5
A80: Заемные средства, учитываемые в долгосрочных обязательствах, которые могут быть прямо отнесены на услуги по передаче электроэнергии по распределительным сетям и технологическое присоединение | AN80: тыс. руб. | AV80: 1000 | BB80: х | BK80: х | CH80: х | CO80: х
A81: Заемные средства, учитываемые в краткосрочных обязательствах, которые могут быть прямо отнесены на услуги по передаче электроэнергии по распределительным сетям и технологическое присоединение | AN81: тыс. руб. | AV81: 1100 | BB81: х | BK81: х | CH81: х | CO81: х
A82: Основные средства | AN82: тыс. руб. | AV82: 1200 | BB82: 103728.5 | BT82: х | CA82: х | CH82: 42007 | CO82: =BB82-CH82 -> 61721.5 | CV82: 97037 | DN82: 36997 | EB82: =DN82 -> 36997 | EI82: =CV82-DN82 -> 60040
A83: Арендованные основные средства | AN83: тыс. руб. | AV83: 1300 | BB83: 1747676 | BT83: х | CA83: х | CH83: 29467 | CV83: 1747676 | DN83: =CH83 -> 29467 | EB83: =DN83 -> 29467 | EI83: =CV83-DN83 -> 1718209
A84: Незавершенное строительство | AN84: тыс. руб. | AV84: 1400 | BT84: х | CA84: х
A86: _____*_Полное наименование видов деятельности:
A87: _______гр. 6, 12 - оказание услуг по передаче электрической энергии (мощности) по единой национальной (общероссийской) электрической сети;
A88: _______гр. 7, 13 - оказание услуг по технологическому присоединению к электрическим сетям.
A90: Руководитель | EJ90: А.К. Аминев
DN91: (подпись) | EJ91: (Фамилия, имя, отчество)

Sheet Прил. 4 (приказ 1831-э)
BL1: Приложение 4
BL2: к приказу Федеральной службы по тарифам
BL3: от 24 октября 2014 г. № 1831-э
A5: Форма раскрытия информации о движении активов, включающий балансовую
A6: стоимость активов на начало года, балансовую стоимость активов на конец года,
A7: а также информацию о выбытии активов в течение года, о вводе активов в течение
A8: года, в том числе за счет переоценки, модернизации, реконструкции, строительства
A9: и приобретения нового оборудования
C11: Наименование
C12: организации | Q12: АО "ТМК ЭСК"
C13: ИНН: | J13: 7449045730
C14: КПП: | J14: 744901001
A16: № п/п | H16: Показатель | BD16: Ед. изм. | BO16: 2022 год | CI16: Примечание *
BO17: план | BY17: факт
A18: 1 | I18: Остаточная балансовая стоимость активов на начало года долгосрочного периода регулирования | BD18: тыс. руб. | BY18: =41728480.84/1000 -> 41728.481
A19: 2 | I19: Ввод активов (основных средств), всего | BD19: тыс. руб.
BD20: МВА
BD21: км
A22: 2.1 | I22: Увеличение стоимости активов (основных средств) за счет переоценки | BD22: тыс. руб.
A23: 2.2 | I23: Ввод активов (основных средств) за год | BD23: тыс. руб.
BD24: МВА
BD25: км
A26: 2.2.1 | I26: в том числе модернизация и реконструкция | BD26: тыс. руб.
BD27: МВА
BD28: км
A29: 2.2.2 | I29: в том числе новое строительство | BD29: тыс. руб.
BD30: МВА
BD31: км
A32: 2.2.3 | I32: Прочее, в том числе приобретение нового оборудования | BD32: тыс. руб.
BD33: МВА
BD34: км
A35: 3 | I35: Выбытие активов (основных средств) | BD35: тыс. руб. | BY35: 4062.5
BD36: МВА
BD37: км
A38: 4 | I38: Остаточная балансовая стоимость активов на конец года долгосрочного периода регулирования | BD38: тыс. руб. | BY38: =BY18-BY35-'Прил. 2 (приказ 1831-э)'!BW47 -> 34863.409
A40: Примечание:
A42: _____*_При наличии отклонений фактических значений показателей от плановых значений более чем на 15 процентов в столбце <Примечание> указываются причины их возникновения.

Sheet Прил.2 (приказ 1831-э) (филиал)
CN1: Приложение 2
CN2: к приказу Федеральной службы по тарифам
CN3: от 24 октября 2014 г. № 1831-э
A5: Форма раскрытия информации о структуре и объемах затрат
A6: на оказание услуг по передаче электрической энергии сетевыми
A7: организациями, регулирование деятельности которых осуществляется
A8: методом долгосрочной индексации необходимой валовой выручки
C10: Наименование организации: | AG10: филиал АО "ТМК Энергосетевая компания" в г. Первоуральске
C11: ИНН: | J11: 7449045730
C12: КПП: | J12: 668443001
C13: Долгосрочный период регулирования: | AQ13: 2022 | AY13: - | BA13: 2026 | BI13: гг.
A15: № п/п | J15: Показатель | BI15: Ед. изм. | BT15: 2019 год | BV15: 2022 год | BX15: Примечание ***
BT16: план * | BU16: факт ** | BV16: план * | BW16: факт **
A17: I | K17: Структура затрат | BI17: х | BT17: х | BU17: х | BX17: х
A18: 1 | K18: Необходимая валовая выручка на содержание | BI18: тыс. руб. | BT18: =BT19+BT43+BT58 -> 30457.791 | BU18: =BU19+BU43 -> 43870.174 | BV18: 25150.203 | BW18: =BW19+BW43 -> 57421.68
A19: 1.1 | K19: Подконтрольные расходы, всего | BI19: тыс. руб. | BT19: =BT20+BT25+BT27+BT40+BT41 -> 11392.417 | BU19: =BU20+BU25+BU27+BU40+BU41 -> 25976.162 | BV19: =BV20+BV25+BV27 -> 24154.81 | BW19: =BW20+BW25+BW27+BW42 -> 37480.821
A20: 1.1.1 | K20: Материальные расходы, всего | BI20: тыс. руб. | BT20: =BT22+BT23 -> 2336.4169 | BU20: =BU22+BU23 -> 8589.2697 | BV20: =BV23+BV21 -> 7036.07 | BW20: =BW21+BW23 -> 7451.497 | BX20: Ремонтные работы выполнялись в соответствии актами технического состояния оборудования в необходимом объёме.
A21: 1.1.1.1 | K21: в том числе на сырье, материалы, запасные части, инструмент, топливо | BI21: тыс. руб. | BV21: 174.97 | BW21: =2789992.9/1000 -> 2789.9929
A22: 1.1.1.2 | K22: на ремонт | BI22: тыс. руб. | BT22: 2138.9092 | BU22: =8193455.863188/1000 -> 8193.4559 | BV22: =BV21 -> 174.97 | BW22: =BW21 -> 2789.9929
A23: 1.1.1.3 | K23: в том числе на работы и услуги производственного характера (в том числе услуги сторонних организаций по содержанию сетей и распределительных устройств) | BI23: тыс. руб. | BT23: 197.50764 | BU23: =74864.772033/1000+320949.050291/1000 -> 395.81382 | BV23: 6861.1 | BW23: =4661504.08/1000 -> 4661.5041
A24: 1.1.1.3.1 | K24: в том числе на ремонт | BI24: тыс. руб. | BT24: =BT23 -> 197.50764 | BU24: =BU23-36579.470989/1000 -> 359.23435 | BV24: =BV23 -> 6861.1 | BW24: =BW23 -> 4661.5041
A25: 1.1.2 | K25: Фонд оплаты труда | BI25: тыс. руб. | BT25: 8010.8989 | BU25: =12553167.563956/1000 -> 12553.168 | BV25: 13237.93 | BW25: =22207200.39/1000 -> 22207.2 | BX25: ФОТ в соответствии со штатным расписанием филиала.
A26: 1.1.2.1 | K26: в том числе на ремонт | BI26: тыс. руб. | BU26: =1823485.12/1000 -> 1823.4851
A27: 1.1.3 | K27: Прочие подконтрольные расходы (с расшифровкой) | BI27: тыс. руб. | BT27: =BT28+BT29+BT30+BT31+BT32+BT33+BT34+BT35+BT36+BT37+BT38+BT39 -> 1045.1016 | BU27: =BU28+BU29+BU30+BU31+BU32+BU33+BU34+BU35+BU36+BU37+BU38+BU39 -> 4833.7249 | BV27: 3880.81 | BW27: =BW28+BW29+BW31+BW34+BW35+BW39 -> 7822.1233
A28: 1.1.3.1 | K28: в том числе прибыль на социальное развитие (включая социальные выплаты) | BI28: тыс. руб. | BU28: =207076.983/1000 -> 207.07698 | BX28: Расходы на выплаты по коллективному договору покрывались за счёт прибыли от других видов деятельности, т.к. по передаче э/э возник убыток.
A29: 1.1.3.2 | K29: в том числе транспортные услуги | BI29: тыс. руб. | BU29: =379639.352048/1000+431038.002307/1000 -> 810.67735 | BV29: 941.2 | BW29: =2797641.65/1000 -> 2797.6417 | BX29: Транспортные услуги: спецтехника для проведения ремонтных работ хоз.способом, аренда дежурного и аварийного транспорта. Превышение обусловлено отсутствием в тарифном решении расходов на транспортные услуги.
A30: 1.1.3.3 | K30: в том числе командировочные | BI30: тыс. руб. | BU30: =45131.851357/1000 -> 45.131851 | BX30: Фактические расходы по статье учтены в составе ОХР и ОПР.
A31: 1.1.3.4 | K31: в том числе охрана труда и ТБ | BI31: тыс. руб. | BT31: 387.22885 | BU31: =1587193.034394/1000 -> 1587.193 | BV31: 1374.87 | BW31: =1081580.33/1000 -> 1081.5803 | BX31: В соответствии с Типовыми нормами бесплатной выдачи специальной одежды, специальной обуви и других средств индивидуальной защиты работникам организаций электроэнергетической промышленности, занятым на работах с вредными и (или) опасными условиями труда, а также на работах, выполняемых в особых температурных условиях или связанных с загрязнением. (Приложение к приказу Министерства здравоохранения и социального развития РФ от 25 апреля 2011г. №340н).
A32: 1.1.3.5 | K32: в том числе медицинские услуги | BI32: тыс. руб. | BU32: =63521.471873/1000+75337.723206/1000 -> 138.8592 | BX32: Фактические расходы по статье учтены в составе ОХР и ОПР.
A33: 1.1.3.6 | K33: в том числе услуги по обучению кадров | BI33: тыс. руб. | BT33: 88.828509 | BU33: =29129.360884/1000+70799.972773/1000 -> 99.929334 | BX33: Фактические расходы по статье учтены в составе ОХР и ОПР.
A34: 1.1.3.7 | K34: в том числе общехозяйственные и общепроизводственные расходы | BI34: тыс. руб. | BU34: =(2341816.857603+441889.555564)/1000-BU30-431038.002307/1000-320949.050291/1000-BU32-BU33-BU35-BU36-BU37-BU38 -> 1387.2201 | BV34: 1564.74 | BW34: 3475.11 | BX34: Превышение обусловлено отсутствием в тарифном решении на 2021 год общехозяйственных и общепроизводственных расходов.
A35: 1.1.3.8 | K35: расходы на аудиторские и консультационные услуги | BI35: тыс. руб. | BT35: 215.00358 | BU35: =167117.586052/1000 -> 167.11759 | BX35: Фактические расходы по статье учтены в составе ОХР и ОПР.
A36: 1.1.3.9 | K36: в том числе услуги связи | BI36: тыс. руб. | BT36: 93.283101 | BU36: =44770.641584/1000 -> 44.770642 | BX36: Фактические расходы по статье учтены в составе ОХР и ОПР.
A37: 1.1.3.10 | K37: в том числе охрана и коммунальное хозяйство | BI37: тыс. руб. | BT37: 161.19892 | BU37: =76671.462739/1000 -> 76.671463 | BX37: Фактические расходы по статье учтены в составе ОХР и ОПР.
A38: 1.1.3.11 | K38: в том числе обслуживание оргтехники | BI38: тыс. руб. | BU38: =72019.202943/1000 -> 72.019203 | BX38: Фактические расходы по статье учтены в составе ОХР и ОПР.
A39: 1.1.3.12 | K39: в том числе прочие услуги | BI39: тыс. руб. | BT39: =24.9833651595392+74.5753142814544 -> 99.558679 | BU39: =197058.18/1000 -> 197.05818 | BW39: =467791.33/1000 -> 467.79133 | BX39: Вырубка и вывоз леса из охранной зоны ЛЭП 6 кВ п. Молодёжный
A40: 1.1.4 | K40: Расходы на обслуживание операционных заемных средств в составе подконтрольных расходов | BI40: тыс. руб.
A41: 1.1.5 | K41: Расходы из прибыли в составе подконтрольных расходов | BI41: тыс. руб.
A42: 1.1.6 | K42: Юридические и информационные услуги | BI42: тыс. руб. | BX42: Фактические расходы по статье учтены в составе ОХР и ОПР.
A43: 1.2 | K43: Неподконтрольные расходы, включенные в НВВ, всего | BI43: тыс. руб. | BT43: =BT44+BT45+BT46+BT47+BT48+BT49+BT50+BT51+BT52+BT53+BT56 -> 17224.088 | BU43: =BU44+BU45+BU46+BU47+BU48+BU49+BU50+BU51+BU52+BU53+BU56 -> 17894.012 | BV43: =BV46+BV47+BV49+BV52+BV53 -> 17439.69 | BW43: =BW46+BW47+BW49+BW52 -> 19940.859
A44: 1.2.1 | K44: Оплата услуг ОАО "ФСК ЕЭС" | BI44: тыс. руб.
A45: 1.2.2 | K45: Расходы на оплату технологического присоединения к сетям смежной сетевой организации | BI45: тыс. руб.
A46: 1.2.3 | K46: Плата за аренду имущества | BI46: тыс. руб. | BT46: 14642.09 | BU46: 13396.034 | BV46: 12958.98 | BW46: =12602177/1000 -> 12602.177
A47: 1.2.4 | K47: отчисления на социальные нужды | BI47: тыс. руб. | BT47: 2403.2697 | BU47: =3781837.440194/1000 -> 3781.8374 | BV47: 4064.04 | BW47: 6642.315
A48: 1.2.5 | K48: расходы на возврат и обслуживание долгосрочных заемных средств, направляемых на финансирование капитальных вложений | BI48: тыс. руб.
A49: 1.2.6 | K49: амортизация | BI49: тыс. руб. | BT49: 151.75324 | BU49: =432690.96/1000 -> 432.69096 | BV49: 225.97 | BW49: =678298.03/1000 -> 678.29803 | BX49: Амортизация по выкупленным электросетевым объектам.
A50: 1.2.7 | K50: прибыль на капитальные вложения | BI50: тыс. руб.
A51: 1.2.8 | K51: налог на прибыль | BI51: тыс. руб. | BU51: 0
A52: 1.2.9 | K52: прочие налоги | BI52: тыс. руб. | BT52: 26.975102 | BU52: =35450/1000 -> 35.45 | BV52: 17.62 | BW52: 18.069 | BX52: Налог на имущество в соответствии с НК РФ.
A53: 1.2.10 | K53: Расходы сетевой организации, связанные с осуществлением технологического присоединения к электрическим сетям, не включенные в плату за технологическое присоединение | BI53: тыс. руб. | BU53: 248 | BV53: 173.08
A54: 1.2.10.1 | K54: Справочно: "Количество льготных технологических присоединений" | BI54: ед. | BT54: 0 | BU54: 10 | BV54: 12 | BW54: 15
A55: 1.2.11 | K55: Средства, подлежащие дополнительному учету по результатам вступивших в законную силу решений суда, решений ФСТ России, принятых по итогам рассмотрения разногласий или досудебного урегулирования споров, решения ФСТ России об отмене решения регулирующего органа, принятого им с превышением полномочий (предписания) | BI55: тыс. руб.
A56: 1.2.12 | K56: прочие неподконтрольные расходы (с расшифровкой) | BI56: тыс. руб.
A57: 1.2.12.1 | K57: оплата госпошлин | BI57: тыс. руб.
A58: 1.3 | K58: недополученный по независящим причинам доход (+)/избыток средств, полученный в предыдущем периоде регулирования (-) | BI58: тыс. руб. | BT58: 1841.2856 | BU58: =BU18-BT18+BU60-BT60 -> 14532.932 | BV58: 1302.72
A59: II | K59: Справочно: расходы на ремонт, всего (пункт 1.1.1.2 + пункт 1.1.2.1 + пункт 1.1.3.1) | BI59: тыс. руб. | BT59: =BT22+BT23+BT26 -> 2336.4169 | BU59: =BU22+BU23+BU26 -> 10412.755 | BV59: =BV22+BV23+BV26 -> 7036.07 | BW59: =BW22+BW23+BW26 -> 7451.497
A60: III | K60: Необходимая валовая выручка на оплату технологического расхода (потерь) электроэнергии | BI60: тыс. руб. | BT60: =BT61*BT62 -> 6376.4593 | BU60: =7497008.29208/1000 -> 7497.0083 | BV60: =18.83*552.913 -> 10411.352 | BW60: =9101197.74/1000 -> 9101.1977
A61: 1.1 | K61: Справочно: Объем технологических потерь | BI61: МВт∙ч | BT61: 2772 | BU61: 3128.021 | BV61: 3605 | BW61: =3303884/1000 -> 3303.884
A62: 1.2 | K62: Справочно: Цена покупки электрической энергии сетевой организацией в целях компенсации технологического расхода электрической энергии | BI62: руб./МВт*ч | BT62: 2.30031 | BU62: =BU60/BU61 -> 2.3967257 | BV62: =BV60/BV61*1000 -> 2888.031 | BW62: =BW60/BW61*1000 -> 2754.6965
A63: IV | K63: Натуральные (количественные) показатели, используемые при определении структуры и объемов затрат на оказание услуг по передаче электрической энергии сетевыми организациями | BI63: х | BT63: х | BU63: х | BV63: х | BW63: х | BX63: х
A64: 1 | K64: общее количество точек подключения на конец года | BI64: шт. | BV64: 503 | BW64: 511
A65: 2 | K65: Трансформаторная мощность подстанций, всего | BI65: МВа | BT65: 327.8 | BU65: =BT65 -> 327.8 | BV65: 284.13 | BW65: =BV65 -> 284.13
A66: 2.1 | K66: в том числе трансформаторная мощность подстанций на ВН уровне напряжения | BI66: МВа | BT66: 326 | BU66: 326 | BV66: 280 | BW66: =BV66 -> 280
A67: 3 | K67: Количество условных единиц по линиям электропередач, всего | BI67: у.е. | BT67: 84.834 | BU67: =BT67 -> 84.834 | BV67: 75.78 | BW67: =BV67 -> 75.78
A68: 3.1 | K68: в том числе количество условных единиц по линиям электропередач на CH I уровне напряжения | BI68: у.е. | BT68: 0 | BU68: 0 | BV68: 0 | BW68: =BV68 -> 0
A69: 3.2 | K69: в том числе количество условных единиц по линиям электропередач на CH II уровне напряжения | BI69: у.е. | BT69: 46.635 | BU69: 46.635 | BV69: 53.3191 | BW69: =BV69 -> 53.3191
A70: 3.3 | K70: в том числе количество условных единиц по линиям электропередач на HH уровне напряжения | BI70: у.е. | BT70: 38.199 | BU70: =BT70 -> 38.199 | BV70: 22.7145 | BW70: =BV70 -> 22.7145
A71: 4 | K71: Количество условных единиц по подстанциям, всего | BI71: у.е. | BT71: 1054.356 | BU71: 1081.956 | BV71: =BU71 -> 1081.956 | BW71: =BV71 -> 1081.956
A72: 4.1 | K72: в том числе количество условных единиц по подстанциям на ВН уровне напряжения | BI72: у.е. | BT72: 942.856 | BU72: =BT72 -> 942.856 | BV72: =BU72 -> 942.856 | BW72: =BV72 -> 942.856
A73: 4.2 | K73: в том числе количество условных единиц по подстанциям на CH I уровне напряжения | BI73: у.е. | BT73: 0 | BU73: 0 | BV73: =BU73 -> 0 | BW73: =BV73 -> 0
A74: 4.3 | K74: в том числе количество условных единиц по подстанциям на CH II уровне напряжения | BI74: у.е. | BT74: =BT71-BT72 -> 111.5 | BU74: =BU71-BU72 -> 139.1 | BV74: =BU74 -> 139.1 | BW74: =BV74 -> 139.1
A75: 5 | K75: Длина линий электропередач, всего | BI75: км | BT75: 32.974 | BU75: 32.974 | BV75: 33.73 | BW75: =BV75 -> 33.73
A76: 5.1 | K76: в том числе длина линий электропередач на CH I уровне напряжения | BI76: км | BT76: 0 | BU76: 0 | BV76: 0 | BW76: =BV76 -> 0
A77: 5.2 | K77: в том числе длина линий электропередач на CH II уровне напряжения | BI77: км | BT77: 15.679 | BU77: =BT77 -> 15.679 | BV77: 18.827 | BW77: =BV77 -> 18.827
A78: 5.3 | K78: в том числе длина линий электропередач на HH уровне напряжения | BI78: км | BT78: =BT75-BT77 -> 17.295 | BU78: =BT78 -> 17.295 | BV78: 14.903 | BW78: =BV78 -> 14.903
A79: 6 | K79: Доля кабельных линий электропередач | BI79: % | BT79: 0.38 | BU79: =BT79 -> 0.38 | BV79: 0.3642 | BW79: =BV79 -> 0.3642
A80: 7 | K80: Ввод в эксплуатацию новых объектов электросетевого комплекса на конец года | BI80: тыс. руб. | BT80: 0 | BU80: 0 | BV80: 0 | BW80: =BV80 -> 0
A81: 7.1 | K81: в том числе за счет платы за технологическое присоединение | BI81: тыс. руб. | BT81: 0 | BU81: 0 | BV81: 0 | BW81: =BV81 -> 0
A82: 8 | K82: норматив технологического расхода (потерь) электрической энергии, установленный Минэнерго России ***** | BI82: % | BT82: x | BU82: х | BV82: х | BW82: =BV82 -> х | BX82: х
G84: Примечание:
A85: _____*_В случае определения плановых значений показателей органами исполнительной власти в области государственного регулирования тарифов при установлении тарифов на услуги по передаче электрической энергии в столбце <план> указываются соответствующие значения. Плановые значения составляющих подконтрольных расходов раскрываются в отношении расходов, учтенных регулирующим органом на первый год долгосрочного периода регулирования.
A86: _____**_Информация о фактических затратах на оказание регулируемых услуг заполняется на основании данных раздельного учета расходов по регулируемым видам деятельности.
A87: _____***_При наличии отклонений фактических значений показателей от плановых значений более чем на 15 процентов в столбце <Примечание> указываются причины их возникновения.
A88: _____****_В соответствии с пунктом 28 Основ ценообразования в области регулируемых цен (тарифов) в электроэнергетике, утвержденных постановлением Правительства Российской Федерации от 29.12.2011 № 1178.
A89: _____*****_В соответствии с пунктом 4.2.14.8 Положения о Министерстве энергетики Российской Федерации, утвержденного постановлением Правительства Российской Федерации от 28.05.2008 № 400.

Sheet 1.6. (приказ 585) (филиал)
EY1: Таблица 1.6
A3: Расшифровка расходов субъекта естественных монополий, оказывающего услуги по передаче электроэнергии (мощности) по электрическим сетям, принадлежащим на праве собственности
A4: или ином законном основании территориальным сетевым организациям
A6: Заполняется: | AN6: Субъектами естественных монополий, оказывающими услуги по передаче электроэнергии (мощности) по электрическим сетям, принадлежащим на праве собственности
AN7: или ином законном основании территориальным сетевым организациям
A8: Период заполнения: | AN8: Годовая
A9: Требования к заполнению: | AN9: Заполняется отдельно по каждому субъекту РФ
A11: Организация: | DN11: филиал АО "ТМК Энергосетевая компания" в г.Первоуральске
A12: Идентификационный номер налогоплательщика (ИНН): | DN12: 7449045730
A13: Местонахождение (адрес): | DN13: г. Первоуральск, ул. Торговая, д.1
A14: Субъект РФ: | DN14: Свердловская область
A15: Отчетный период: | DN15: 2022 год
A18: Показатель | AN18: Единица измерения | AV18: Код показа-теля | BB18: За отчетный период, всего по предприятию | BK18: из графы 4: по Субъекту РФ, указанному в заголовке формы | BT18: из графы 5 по видам деятельности * | CV18: За аналогичный период пре-дыдущего года, всего по предприятию | DE18: из графы 10: по Субъекту РФ, указанному в заголовке формы | DN18: из графы 10 по видам деятельности * | EP18: Примечания: принцип разделения показателей по субъектам РФ и по видам деятельности согласно ОРД предприятия
BT19: Передача по расп-редели-тельным сетям | CA19: Техноло-гическое присоеди-нение | CH19: Передача и техно-логичес-кое присоеди-нение | CO19: Прочие виды деятель-ности | DN19: Передача по расп-редели-тельным сетям | DU19: Техноло-гическое присоеди-нение | EB19: Передача и техно-логичес-кое присоеди-нение | EI19: Прочие виды деятель-ности
A20: 1 | AN20: 2 | AV20: 3 | BB20: 4 | BK20: 5 | BT20: 6 | CA20: 7 | CH20: 8 (сумма гр. 6 и 7) | CO20: 9 | CV20: 10 | DE20: 11 | DN20: 12 | DU20: 13 | EB20: 14 (сумма гр. 12 и 13) | EI20: 15 | EP20: 16
A21: Расходы, учитываемые в целях налогообложения прибыли, всего, в том числе (сумма строк 110, 120, 130, 140, 150, 160, 170, 180, 190) | AN21: тыс. руб. | AV21: 100 | BB21: ='1.6. (приказ 585)'!BB21:BJ21 -> 763332 | BT21: ='Прил.2 (приказ 1831-э) (филиал)'!BW18+'Прил.2 (приказ 1831-э) (филиал)'!BW60 -> 66522.877 | CA21: =491603.57/1000 -> 491.60357 | CH21: =BT21+CA21 -> 67014.481 | CO21: =BB21-CH21 -> 696317.52 | CV21: 665423 | DN21: 59872.148 | DU21: 641.77791 | EB21: =DN21+DU21 -> 60513.926 | EI21: =CV21-EB21 -> 604909.07
A22: Материальные расходы (сумма строк 111, 112, 113) | AN22: тыс. руб. | AV22: 110 | BB22: ='1.6. (приказ 585)'!BB22:BJ22 -> 161178 | BT22: =BT23+BT24+BT29 -> 11891.191 | CH22: =BT22+CA22 -> 11891.191 | CO22: =BB22-CH22 -> 149286.81 | CV22: =CV23+CV24+CV29 -> 132678.98 | DN22: 12948.807 | DU22: 321.88473 | EB22: =DN22+DU22 -> 13270.692 | EI22: =CV22-EB22 -> 119408.29
A23: Расходы на приобретение сырья и материалов | AN23: тыс. руб. | AV23: 111 | BB23: ='1.6. (приказ 585)'!BB23:BJ23 -> 121034 | BT23: ='Прил.2 (приказ 1831-э) (филиал)'!BW21 -> 2789.9929 | CH23: =BT23+CA23 -> 2789.9929 | CO23: =BB23-CH23 -> 118244.01 | CV23: =89486982.57/1000 -> 89486.983 | DN23: 3968.4515 | DU23: 321.88473 | EB23: =DN23+DU23 -> 4290.3363 | EI23: =CV23-EB23 -> 85196.646
A24: Расходы на приобретение электрической энергии на компенсацию технологического расхода (потерь) электрической энергии в сетях, в том числе по уровням напряжения: | AN24: тыс. руб. | AV24: 112 | BB24: ='1.6. (приказ 585)'!BB24:BJ24 -> 14366 | BT24: ='Прил.2 (приказ 1831-э) (филиал)'!BW60 -> 9101.1977 | CH24: =BT24+CA24 -> 9101.1977 | CO24: =BB24-CH24 -> 5264.8023 | CV24: 13276 | DN24: 8980.3556 | EB24: =DN24+DU24 -> 8980.3556 | EI24: =CV24-EB24 -> 4295.6444
A25: ВН | AN25: тыс. руб. | BB25: =BB24 -> 14366 | BT25: =BT24 -> 9101.1977 | CH25: =BT25+CA25 -> 9101.1977 | CO25: =BB25-CH25 -> 5264.8023 | CV25: =CV24 -> 13276 | DN25: 8980.3556 | EB25: =DN25+DU25 -> 8980.3556 | EI25: =CV25-EB25 -> 4295.6444
A26: СН1 | AN26: тыс. руб.
A27: СН2 | AN27: тыс. руб.
A28: НН | AN28: тыс. руб.
A29: Расходы на приобретение электрической энергии на хозяйственные нужды | AN29: тыс. руб. | AV29: 113 | BB29: ='1.6. (приказ 585)'!BB29:BJ29 -> 25778 | CO29: =BB29-CH29 -> 25778 | CV29: 29916 | EI29: =CV29-EB29 -> 29916
A30: Расходы на оплату услуг сторонних организаций (сумма строк 121, 122, 123, 124) | AN30: тыс. руб. | AV30: 120 | BB30: ='1.6. (приказ 585)'!BB30:BJ30 -> 32623.68 | CO30: =BB30-CH30 -> 32623.68 | CV30: =CV31+CV32+CV33+CV34 -> 20170.54 | EB30: =DN30+DU30 -> 0 | EI30: =CV30-EB30 -> 20170.54
A31: Расходы на страхование | AN31: тыс. руб. | AV31: 121 | BB31: ='1.6. (приказ 585)'!BB31:BJ31 -> 64.68 | CO31: =BB31-CH31 -> 64.68 | CV31: =98351.79/1000 -> 98.35179
A32: Оплата услуг ОАО "ФСК ЕЭС" | AN32: тыс. руб. | AV32: 122
A33: Оплата услуг по передаче электрической энергии, оказываемых другими сетевыми организациями | AN33: тыс. руб. | AV33: 123
A34: Расходы на ремонт основных средств, выполняемые подрядным способом | AN34: тыс. руб. | AV34: 124 | BB34: ='1.6. (приказ 585)'!BB34:BJ34 -> 32559 | BT34: ='Прил.2 (приказ 1831-э) (филиал)'!BW23 -> 4661.5041 | CO34: =BB34-CH34 -> 32559 | CV34: =(13025316.72+237786.7+6809084.97)/1000 -> 20072.188 | EB34: =DN34+DU34 -> 0 | EI34: =CV34-EB34 -> 20072.188
A35: Расходы на оплату труда | AN35: тыс. руб. | AV35: 130 | BB35: ='1.6. (приказ 585)'!BB35:BJ35 -> 316030 | BT35: ='Прил.2 (приказ 1831-э) (филиал)'!BW25 -> 22207.2 | CA35: =271259.22/1000 -> 271.25922 | CH35: =BT35+CA35 -> 22478.46 | CO35: =BB35-CH35 -> 293551.54 | CV35: 255116.2 | DN35: 18498.539 | DU35: 152.39285 | EB35: =DN35+DU35 -> 18650.932 | EI35: =CV35-EB35 -> 236465.27
A36: Управленческий персонал | AN36: тыс. руб. | BB36: ='1.6. (приказ 585)'!BB36:BJ36 -> 32416 | BT36: =2132288.14/1000 -> 2132.2881 | BU36: 1059327.7 | BV36: 1059327.7 | BW36: 1059327.7 | BX36: 1059327.7 | BY36: 1059327.7 | BZ36: 1059327.7 | CA36: =24915.71/1000 -> 24.91571 | CH36: =BT36+CA36 -> 2157.2039 | CO36: =BB36-CH36 -> 30258.796 | CV36: =25054697.33/1000 -> 25054.697 | DN36: 1801.4786 | DO36: 1059327.7 | DP36: 1059327.7 | DQ36: 1059327.7 | DR36: 1059327.7 | DS36: 1059327.7 | DT36: 1059327.7 | DU36: 14.88326 | EB36: =DN36+DU36 -> 1816.3619 | EI36: =CV36-EB36 -> 23238.335
A37: Специалисты и технические | AN37: тыс. руб. | BB37: ='1.6. (приказ 585)'!BB37:BJ37 -> 43957 | BT37: =4421320.17/1000 -> 4421.3202 | BU37: 1020701.7 | BV37: 1020701.7 | BW37: 1020701.7 | BX37: 1020701.7 | BY37: 1020701.7 | BZ37: 1020701.7 | CA37: =59871.08/1000 -> 59.87108 | CH37: =BT37+CA37 -> 4481.1912 | CO37: =BB37-CH37 -> 39475.809 | CV37: =42999552.44/1000 -> 42999.552 | DN37: 3409.327 | DO37: 1020701.7 | DP37: 1020701.7 | DQ37: 1020701.7 | DR37: 1020701.7 | DS37: 1020701.7 | DT37: 1020701.7 | DU37: 27.82013 | EB37: =DN37+DU37 -> 3437.1471 | EI37: =CV37-EB37 -> 39562.405
A38: Основные производственные рабочие | AN38: тыс. руб. | BB38: ='1.6. (приказ 585)'!BB38:BJ38 -> 239657 | BT38: =BT35-BT36-BT37 -> 15653.592 | CA38: =CA35-CA36-CA37 -> 186.47243 | CH38: =BT38+CA38 -> 15840.065 | CO38: =BB38-CH38 -> 223816.94 | CV38: =187061949.57/1000 -> 187061.95 | DN38: 13287.734 | DU38: 109.68946 | EB38: =DN38+DU38 -> 13397.423 | EI38: =CV38-EB38 -> 173664.53
A39: Справочно: среднесписочная численность промышленно-производственного персонала организации ** | AN39: чел. | BB39: ='1.6. (приказ 585)'!BB39:BJ39 -> 441 | BT39: 43 | CA39: 0.5 | CH39: =BT39+CA39 -> 43.5 | CO39: =BB39-CH39 -> 397.5 | CV39: =CV40+CV41+CV42 -> 439 | DN39: 39 | DU39: 0.25 | EB39: =DN39 -> 39 | EI39: =CV39-EB39 -> 400
A40: Управленческий персонал | AN40: чел. | BB40: ='1.6. (приказ 585)'!BB40:BJ40 -> 24 | BT40: 2 | CH40: =BT40 -> 2 | CO40: =BB40-CH40 -> 22 | CV40: 24 | DN40: 2 | EB40: =DN40 -> 2 | EI40: =CV40-EB40 -> 22
A41: Специалисты и технические | AN41: чел. | BB41: ='1.6. (приказ 585)'!BB41:BJ41 -> 56 | BT41: 6 | CH41: 6.5 | CO41: =BB41-CH41 -> 49.5 | CV41: 56 | DN41: 6 | EB41: =DN41 -> 6 | EI41: =CV41-EB41 -> 50
A42: Основные производственные рабочие | AN42: чел. | BB42: ='1.6. (приказ 585)'!BB42:BJ42 -> 361 | BT42: =BT39-BT41-BT40 -> 35 | CH42: =BT42 -> 35 | CO42: =BB42-CH42 -> 326 | CV42: 359 | DN42: 31 | EB42: =DN42 -> 31 | EI42: =CV42-EB42 -> 328
A43: Расходы на выплату страховых взносов в Пенсионный фонд Российской Федерации, Фонд социального страхования Российской Федерации, Федеральный фонд обязательного медицинского страхования и территориальные фонды обязательного медицинского страхования | AN43: тыс. руб. | AV43: 140 | BB43: ='1.6. (приказ 585)'!BB43:BJ43 -> 95097 | BT43: ='Прил.2 (приказ 1831-э) (филиал)'!BW47 -> 6642.315 | CA43: =79697.01/1000 -> 79.69701 | CH43: =BT43+CA43 -> 6722.012 | CO43: =BB43-CH43 -> 88374.988 | CV43: 76945.28 | DN43: 5573.4301 | DU43: 45.76186 | EB43: =DN43+DU43 -> 5619.192 | EI43: =CV43-EB43 -> 71326.088
A44: Амортизация основных средств | AN44: тыс. руб. | AV44: 150 | BB44: ='1.6. (приказ 585)'!BB44:BJ44 -> 11901 | BT44: ='Прил.2 (приказ 1831-э) (филиал)'!BW49 -> 678.29803 | CH44: =BT44+CA44 -> 678.29803 | CO44: =BB44-CH44 -> 11222.702 | CV44: 9678 | DN44: 367.5019 | EB44: =DN44+DU44 -> 367.5019 | EI44: =CV44-EB44 -> 9310.4981
A45: Аренда и лизинговые платежи (сумма строк 161, 162) | AN45: тыс. руб. | AV45: 160 | BB45: ='1.6. (приказ 585)'!BB45:BJ45 -> 36615 | BT45: ='Прил.2 (приказ 1831-э) (филиал)'!BW46 -> 12602.177 | CH45: =BT45+CA45 -> 12602.177 | CO45: =BB45-CH45 -> 24012.823 | CV45: 60941 | DN45: 13523.393 | EB45: =DN45+DU45 -> 13523.393 | EI45: =CV45-EB45 -> 47417.607
A46: Плата за аренду имущества | AN46: тыс. руб. | AV46: 161 | BB46: ='1.6. (приказ 585)'!BB46:BJ46 -> 36615 | BT46: =BT45 -> 12602.177 | CH46: =BT46+CA46 -> 12602.177 | CO46: =BB46-CH46 -> 24012.823 | CV46: =CV45 -> 60941 | DN46: 13523.393 | EB46: =DN46+DU46 -> 13523.393 | EI46: =CV46-EB46 -> 47417.607
A47: Лизинговые платежи | AN47: тыс. руб. | AV47: 162
A48: Налоги, уменьшающие налогооблагаемую базу по налогу на прибыль | AN48: тыс. руб. | AV48: 170 | BB48: ='1.6. (приказ 585)'!BB48:BJ48 -> 301.987 | BT48: ='Прил.2 (приказ 1831-э) (филиал)'!BW52 -> 18.069 | CH48: =BT48+CA48 -> 18.069 | CO48: =BB48-CH48 -> 283.918 | CV48: 269.807 | DN48: 23.296 | EB48: =DN48+DU48 -> 23.296 | EI48: =CV48-EB48 -> 246.511
A49: Расходы на выплату процентов по кредитам, уменьшающие налогооблагаемую базу по налогу на прибыль | AN49: тыс. руб. | AV49: 180
A50: Прочие расходы | AN50: тыс. руб. | AV50: 190 | BB50: =BB21-BB23-BB24-BB29-BB31-BB34-BB35-BB43-BB44-BB45-BB48 -> 109585.33 | BT50: =BT21-BT22-BT30-BT35-BT43-BT44-BT45-BT48-BT51 -> 12483.627 | CA50: =CA21-CA22-CA30-CA35-CA43-CA44-CA45-CA48-CA51 -> 140.64734 | CH50: =BT50+CA50 -> 12624.275 | CO50: =BB50-CH50 -> 96961.058 | CV50: =CV21-CV23-CV24-CV29-CV31-CV34-CV35-CV43-CV44-CV45-CV48 -> 109623.19 | DN50: 8716.6082 | DU50: 119.92138 | EB50: =DN50+DU50 -> 8836.5296 | EI50: =CV50-EB50 -> 100786.66
A51: Расходы, не учитываемые в целях налогообложения прибыли, всего, в том числе (сумма строк 210, 220, 230, 240, 250) | AN51: тыс. руб. | AV51: 200 | BB51: =BB55+BB53 -> 21036 | CO51: =BB51-CH51 -> 21036 | CV51: =CV55+CV53 -> 17932.191 | DN51: 220.57191 | DU51: 1.8170939 | EB51: =DN51+DU51 -> 222.389 | EI51: =CV51-EB51 -> 17709.802
A52: Возврат заемных средств на цели инвестпрограммы | AN52: тыс. руб. | AV52: 210
A53: Прибыль, направленная на инвестиции | AN53: тыс. руб. | AV53: 220 | BB53: ='1.6. (приказ 585)'!BB53:BJ53 -> 17500 | CV53: 15000 | EI53: =CV53 -> 15000
A54: Прибыль, направленная на выплату дивидендов | AN54: тыс. руб. | AV54: 230
A55: Расходы социального характера из прибыли | AN55: тыс. руб. | AV55: 240 | BB55: ='1.6. (приказ 585)'!BB55:BJ55 -> 3536 | CO55: =BB55-CH55 -> 3536 | CV55: =2932191.44/1000 -> 2932.1914 | DN55: 220.57191 | DU55: 1.8170939 | EB55: =DN55+DU55 -> 222.389 | EI55: =CV55-EB55 -> 2709.8024
A56: Прочие расходы из прибыли в отчетном периоде | AN56: тыс. руб. | AV56: 250
A57: Расходы на уплату налога на прибыль | AN57: тыс. руб. | AV57: 300
A58: Справочные показатели:
A59: Из строки 100 прямые расходы | AN59: тыс. руб. | AV59: 400 | BB59: ='1.6. (приказ 585)'!BB59:BJ59 -> 710363 | BT59: =BT21-BT60 -> 63047.767 | CA59: =CA21-CA60 -> 451.05557 | CH59: =BT59-CA59 -> 62596.712 | CO59: =BB59-CH59 -> 647766.29 | CV59: =573849464.02/1000 -> 573849.46 | DN59: =42265977.1/1000 -> 42265.977 | EB59: =DN59-DU59 -> 42265.977 | EI59: =CV59-EB59 -> 531583.49
A60: Из строки 100 косвенные расходы | AN60: тыс. руб. | AV60: 500 | BB60: ='1.6. (приказ 585)'!BB60:BJ60 -> 52969 | BT60: ='Прил.2 (приказ 1831-э) (филиал)'!BW34 -> 3475.11 | CA60: 40.548 | CH60: =BT60-CA60 -> 3434.562 | CO60: =BB60-CH60 -> 49534.438 | CV60: =CV21-CV59 -> 91573.536 | DN60: =DN21-DN59 -> 17606.171 | EB60: =DN60-DU60 -> 17606.171 | EI60: =CV60-EB60 -> 73967.365
A61: Расходы на приобретение, сооружение и изготовление основных средств, а также на достройку, дооборудование, реконструкцию, модернизацию и техническое перевооружение основных средств | AN61: тыс. руб. | AV61: 600 | BB61: ='1.6. (приказ 585)'!BB61:BJ61 -> 17500 | CO61: =BB61 -> 17500 | CV61: =CV53 -> 15000
A62: Расходы на ремонт основных средств (включая арендованные), всего, в том числе: | AN62: тыс. руб. | AV62: 700 | BB62: ='1.6. (приказ 585)'!BB62:BJ62 -> 68869.2 | BT62: =BT63+BT64+BT65 -> 7451.497 | CH62: =BT62-CA62 -> 7451.497 | CO62: =BB62-CH62 -> 61417.703 | CV62: 80168.222 | DN62: =DN63+DN64+DN65 -> 3968.4515 | EB62: =DN62-DU62 -> 3968.4515 | EI62: =CV62-EB62 -> 76199.771
A63: материальные расходы | AN63: тыс. руб. | BB63: ='1.6. (приказ 585)'!BB63:BJ63 -> 36310.2 | BT63: =BT23 -> 2789.9929 | CH63: =BT63-CA63 -> 2789.9929 | CO63: =BB63-CH63 -> 33520.207 | CV63: =CV62-CV65 -> 60096.034 | DN63: =DN23 -> 3968.4515 | EB63: =DN63-DU63 -> 3968.4515 | EI63: =CV63-EB63 -> 56127.582
A64: расходы на оплату труда и выплату страховых | AN64: тыс. руб.
A65: расходы на ремонт основных средств, выполняемый подрядным способом | AN65: тыс. руб. | BB65: ='1.6. (приказ 585)'!BB65:BJ65 -> 32559 | BT65: =BT34 -> 4661.5041 | CO65: =BB65-CH65 -> 32559 | CV65: =CV34 -> 20072.188 | DN65: =DN34 -> 0 | EB65: =DN65-DU65 -> 0 | EI65: =CV65-EB65 -> 20072.188
A66: прочие расходы | AN66: тыс. руб.
A67: Расходы на приобретение электрической энергии в целях компенсации коммерческого расхода (потерь) электрической энергии в сетях | AN67: тыс. руб. | AV67: 800
A69: _____*_Полное наименование видов деятельности:
A70: _______гр. 6, 12 - оказание услуг по передаче электрической энергии (мощности) по единой национальной (общероссийской) электрической сети;
A71: _______гр. 7, 13 - оказание услуг по технологическому присоединению к электрическим сетям.
A72: ____**_В целях настоящей таблицы под промышленно-производственным персоналом понимается персонал, расходы на оплату труда которого учитываются по счету 20 "Основное производство".
EY73: Приложение к таблице 1.6
A74: Расшифровка дебиторской задолженности, заемных средств и стоимости активов
A75: Показатель | AN75: Единица измерения | AV75: Код показа-теля | BB75: По состоянию на начало отчетного периода, всего по предприятию | BK75: из графы 4: по Субъекту РФ, указанному в заголовке формы | BT75: из графы 5 по видам деятельности * | CV75: По состоянию на конец отчетного периода, всего по предприятию | DE75: из графы 10: по Субъекту РФ, указанному в заголовке формы | DN75: из графы 10 по видам деятельности * | EP75: Примечания: принцип разделения показателей по субъектам РФ и по видам деятельности согласно ОРД предприятия
BT76: Передача по расп-редели-тельным сетям | CA76: Техноло-гическое присоеди-нение | CH76: Передача и техно-логичес-кое присоеди-нение | CO76: Прочие виды деятель-ности | DN76: Передача по расп-редели-тельным сетям | DU76: Техноло-гическое присоеди-нение | EB76: Передача и техно-логичес-кое присоеди-нение | EI76: Прочие виды деятель-ности
A77: 1 | AN77: 2 | AV77: 3 | BB77: 4 | BK77: 5 | BT77: 6 | CA77: 7 | CH77: 8 (сумма гр. 6 и 7) | CO77: 9 | CV77: 10 | DE77: 11 | DN77: 12 | DU77: 13 | EB77: 14 (сумма гр. 12 и 13) | EI77: 15 | EP77: 16
A78: Дебиторская задолженность | AN78: тыс. руб. | AV78: 900 | BB78: ='[1]1.6. (приказ 585)'!BB78:BJ78 -> 195214 | BT78: х | CA78: х | CH78: х | CO78: х | CV78: ='[1]1.6. (приказ 585)'!CV78:DD78 -> 253657 | DN78: =DN79 -> 5427.4 | EB78: =EB79 -> 5604.8 | EI78: =CV78-DN78 -> 248229.6
A79: в том числе по расчетам с покупателями и заказчиками | AN79: тыс. руб. | AV79: - | BB79: х | BK79: х | BT79: 3162 | CA79: 0 | CH79: х | CO79: х | CV79: =CV78 -> 253657 | DN79: 5427.4 | EB79: =DN79+177.4 -> 5604.8 | EI79: =CV79-DN79 -> 248229.6
A80: Заемные средства, учитываемые в долгосрочных обязательствах, которые могут быть прямо отнесены на услуги по передаче электроэнергии по распределительным сетям и технологическое присоединение | AN80: тыс. руб. | AV80: 1000 | BB80: х | BK80: х | CH80: х | CO80: х
A81: Заемные средства, учитываемые в краткосрочных обязательствах, которые могут быть прямо отнесены на услуги по передаче электроэнергии по распределительным сетям и технологическое присоединение | AN81: тыс. руб. | AV81: 1100 | BB81: х | BK81: х | CH81: х | CO81: х
A82: Основные средства | AN82: тыс. руб. | AV82: 1200 | BB82: 62050.193 | BT82: х | CA82: х | CH82: 6175 | CO82: =BB82-CH82 -> 55875.193 | CV82: =BB82 -> 62050.193 | DN82: 6897 | EB82: =DN82 -> 6897 | EI82: =CV82-DN82 -> 55153.193
A83: Арендованные основные средства | AN83: тыс. руб. | AV83: 1300 | BB83: 1747676 | BT83: х | CA83: х | CH83: 61610 | CV83: =BB83 -> 1747676 | DN83: =CH83 -> 61610 | EB83: =DN83 -> 61610 | EI83: =CV83-DN83 -> 1686066
A84: Незавершенное строительство | AN84: тыс. руб. | AV84: 1400 | BT84: х | CA84: х
A86: _____*_Полное наименование видов деятельности:
A87: _______гр. 6, 12 - оказание услуг по передаче электрической энергии (мощности) по единой национальной (общероссийской) электрической сети;
A88: _______гр. 7, 13 - оказание услуг по технологическому присоединению к электрическим сетям.
A90: Начальник службы по развитию и реализации услуг | EJ90: Н.А. Новоселов
DN91: (подпись) | EJ91: (Фамилия, имя, отчество)

Sheet Прил.4 (приказ 1831-э) (филиал)
DA1: Приложение 4
DA2: к приказу Федеральной службы по тарифам
DA3: от 24 октября 2014 г. № 1831-э
A5: Форма раскрытия информации о движении активов, включающий балансовую
A6: стоимость активов на начало года, балансовую стоимость активов на конец года,
A7: а также информацию о выбытии активов в течение года, о вводе активов в течение
A8: года, в том числе за счет переоценки, модернизации, реконструкции, строительства
A9: и приобретения нового оборудования
C11: Наименование
C12: организации | Q12: филиал АО "ТМК ЭСК" в г. Первоуральске
C13: ИНН: | J13: 7449045730
C14: КПП: | J14: 744901001
A16: № п/п | H16: Показатель | BD16: Ед. изм. | BO16: 2022 год | CI16: Примечание *
BO17: план | BY17: факт
A18: 1 | I18: Остаточная балансовая стоимость активов на начало года долгосрочного периода регулирования | BD18: тыс. руб. | BY18: =6550591.19/1000 -> 6550.5912
A19: 2 | I19: Ввод активов (основных средств), всего | BD19: тыс. руб.
BD20: МВА
BD21: км
A22: 2.1 | I22: Увеличение стоимости активов (основных средств) за счет переоценки | BD22: тыс. руб.
A23: 2.2 | I23: Ввод активов (основных средств) за год | BD23: тыс. руб.
BD24: МВА
BD25: км
A26: 2.2.1 | I26: в том числе модернизация и реконструкция | BD26: тыс. руб.
BD27: МВА
BD28: км
A29: 2.2.2 | I29: в том числе новое строительство | BD29: тыс. руб.
BD30: МВА
BD31: км
A32: 2.2.3 | I32: Прочее, в том числе приобретение нового оборудования | BD32: тыс. руб.
BD33: МВА
BD34: км
A35: 3 | I35: Выбытие активов (основных средств) | BD35: тыс. руб.
BD36: МВА
BD37: км
A38: 4 | I38: Остаточная балансовая стоимость активов на конец года долгосрочного периода регулирования | BD38: тыс. руб. | BY38: =BY18-'Прил.2 (приказ 1831-э) (филиал)'!BW49 -> 5872.2932
A40: Примечание:
A42: _____*_При наличии отклонений фактических значений показателей от плановых значений более чем на 15 процентов в столбце <Примечание> указываются причины их возникновения.
